 Dungeon Crawl Stone Soup version 0.22-a0-305-gd21a89c (webtiles) character file.

10 vishdafish the Vexing (level 2, -17/27 HPs)
             Began as an Ogre Arcane Marksman on Mar 28, 2018.
             Engulfed by a cloud of flame (18 damage)
             ... on level 1 of the Dungeon.
             The game lasted 00:01:36 (591 turns).

vishdafish the Vexing (Ogre Arcane Marksman)         Turns: 591, Time: 00:01:38

Health: -17/27     AC:  3    Str: 13    XL:     2   Next: 20%
Magic:  3/3        EV: 10    Int: 14    God:
Gold:   21         SH:  0    Dex:  9    Spells: 2/3 levels left

rFire    . . .     SeeInvis .   e - +0 scimitar
rCold    . . .     Gourm    .   (no shield)
rNeg     . . .     Faith    .   a - +0 robe
rPois    .         Spirit   .   (helmet restricted)
rElec    .         Reflect  .   (no cloak)
rCorr    .         Harm     .   (gloves unavailable)
MR       .....     Rnd*Tele +   (boots unavailable)
Stlth    +.........             (no amulet)
HPRegen  0.09/turn              g - ring of teleportation (curse)
MPRegen  0.08/turn              (no ring)

@: no status effects
A: large, unfitting armour, tough skin 1
a: no special abilities


You were on level 1 of the Dungeon.
You were not hungry.

You visited 1 branch of the dungeon, and saw 1 of its levels.

You collected 21 gold pieces.

Inventory:

Hand Weapons
 e - a +0 scimitar (weapon)
Missiles
 c - 3 large rocks (quivered)
 d - 2 throwing nets
Armour
 a - a +0 robe (worn)
Jewellery
 g - a cursed ring of teleportation (left hand)
Scrolls
 h - a scroll of identify {unknown}
Comestibles
 f - 2 rations


   Skills:
 + Level 1.5 Fighting
 * Level 0.3 Long Blades
 + Level 2.1 Throwing
 + Level 1.8 Dodging
 + Level 1.3 Spellcasting
 - Level 3.0 Hexes


You had 2 spell levels left.
You knew the following spells:

 Your Spells              Type           Power        Failure   Level  Hunger
a - Corona                Hex            #......      8%          1    ##.....


Dungeon Overview and Level Annotations

Branches:
Dungeon (1/15)

Altars:


Innate Abilities, Weirdness & Mutations

You are too large for most types of armour.
You have tough skin. (AC +1)


Message History

No target in view!
No target in view!
No target in view!
No target in view!
You now have 21 gold pieces (gained 7).
b - a scroll labeled BUP CUNENU You see here a robe.
A rat comes into view.
As you read the scroll labeled BUP CUNENU, it crumbles to dust.
The creatures around you are filled with an inner flame!
It was a scroll of immolation.
The rat completely misses you.
A rat is nearby!
You slash the rat!
The rat explodes!
The fiery explosion engulfs you!
Ouch! That really hurt!
* * * LOW HITPOINT WARNING * * *
You are engulfed in blazing flames.
Ouch! That really hurt!
You die...

#.#.# #.#.# #.#%#
####.#.#### #.........#
### #.........#
..########.........#
................@§§#
........[..##.#.#§§.....
.#######...##.#.#§######
.# #...##.#.#.# ..
...#.##.#.#..
########.#.##.#.###
#......#.#.##.#.#
#.####.#.#.##.#..
#.#<.#.#.# #.###


There were no monsters in sight!

Vanquished Creatures
  A bat (D:1)
  A giant cockroach (D:1)
  A goblin (D:1)
  2 hobgoblins (D:1)
  2 kobolds (D:1)
  3 rats (D:1)
10 creatures vanquished.

Notes
Turn   | Place    | Note
-------+----------+-------------------------------------------
     0 | D:1      | vishdafish the Ogre Arcane Marksman began the quest for the Orb.
     0 | D:1      | Reached XP level 1. HP: 19/19 MP: 2/2
   113 | D:1      | Reached skill level 3 in Hexes
   316 | D:1      | Reached XP level 2. HP: 27/27 MP: 3/3
   591 | D:1      | HP: 1/27 [rat/exploding inner flame[the player character] (26)]
   591 | D:1      | Engulfed by a cloud of flame

Vault maps used:
D:1:      zelgadis_glass_arrival_small, dk_noncrumbling_4, minmay_tromino_v4_a

Skill      XL: |  1 |
---------------+----+-----
Hexes          | 3 |  3.0
Fighting       | |  1.5
Long Blades    | |  0.3
Throwing       | |  2.1
Dodging        | |  1.8
Spellcasting   | |  1.3

Action                   || total
-------------------------++-------
Melee: Scimitar          ||    13
       Unarmed           ||     3
Throw: Large rock        ||     6
       Throwing net      ||     2
  Use: Scroll            ||     2
 Stab: Sleeping          ||     1
Armor: Robe              ||     5
Dodge: Dodged            ||    18
       Rpst.: Scimitar   ||     4

Table legend:
 A = Spawn XP
 B = Non-spawn XP
 C = Spawn XP percentage of total XP
 D = Spawn monster count
 E = Non-spawn monster count
 F = Spawn count percentage of total count
 G = Total turns spent on level
                    A         B        C        D         E        F      G
               +---------+---------+-------+---------+---------+-------+---------
         Total |       0 |      15 |   0.0 |       0 |      10 |   0.0 |   591
               +---------+---------+-------+---------+---------+-------+---------
           D:1 |       0 |      15 |   0.0 |       0 |      10 |   0.0 |   591
               +---------+---------+-------+---------+---------+-------+---------
